 Dungeon Crawl Stone Soup version 0.27.1-34-g3ba077fa99 (webtiles) character file.

Game seed: 14659530353721982142

38 Delamore the Sneak (level 3, 0/24 HPs)
             Began as an Octopode Brigand on Jan 20, 2022.
             Slain by an orc (3 damage)
             ... on level 3 of the Dungeon.
             The game lasted 00:02:07 (2039 turns).

Delamore the Sneak (Octopode Brigand)               Turns: 2039, Time: 00:02:07

Health: 0/24       AC:  1    Str: 10    XL:     3   Next: 43%
Magic:  3/3        EV: 12    Int: 13    God:
Gold:   33         SH:  0    Dex: 14    Spells: 2/2 levels left

rFire    . . .     SeeInvis .   l - +3 dagger
rCold    . . .     Faith    .   (no shield)
rNeg     . . .     Spirit   .   (helmet restricted)
rPois    .         Reflect  .   (no amulet)
rElec    .         Harm     .   (no ring)
rCorr    .         Rampage  .   (no ring)
Will     .....                  (no ring)
Stlth    ++........             (no ring)
HPRegen  0.08/turn              (no ring)
MPRegen  0.08/turn              (no ring)
                                (no ring)
                                (no ring)

@: confused, hasted, very quick
A: almost no armour, amphibious, 8 rings, camouflage 1, gelatinous body 1,
(nimble swimmer 1), tentacles
a: no special abilities


You were on level 3 of the Dungeon.
You visited 1 branch of the dungeon, and saw 3 of its levels.

You collected 33 gold pieces.

Inventory:

Hand Weapons
 a - a +2 dagger
 l - a +3 dagger (weapon)
Missiles
 b - 8 poisoned darts (quivered)
 c - 2 curare-tipped darts
Wands
 k - a wand of paralysis (10)
Scrolls
 e - 4 scrolls of identify {unknown}
 f - a scroll of enchant armour {unknown}
 h - a scroll of amnesia {unknown}
 j - 2 scrolls of teleportation {unknown}
 n - a scroll of fog {unknown}
Potions
 d - a potion of flight {unknown}
 i - a potion of degeneration {unknown}
 m - a potion of heal wounds {unknown}


   Skills:
 - Level 2.0 Fighting
 + Level 3.0 Short Blades
 - Level 2.0 Throwing
 - Level 1.0 Dodging
 + Level 6.2 Stealth


You had 2 spell levels left.
You didn't know any spells.
Your spell library was empty.

Dungeon Overview and Level Annotations

Branches:
Dungeon (3/15)

Altars:

Shops:
D:1 ?


Innate Abilities, Weirdness & Mutations

You cannot wear most types of armour.
You are amphibious.
You can wear up to eight rings at the same time.
Your skin changes colour to match your surroundings (Stealth+).
Your rubbery body absorbs attacks. (AC +1, EV +1)
((You are camouflaged near water. (Stealth+)))
You have tentacles for arms and can constrict up to eight enemies at once.


Message History

An orc comes into view. It is wielding a +0 whip.
The orc barely misses you.
You barely miss the orc.
The orc shouts! x2; The orc wizard shouts!
Your grab misses the orc. The orc barely misses you.
You barely miss the orc. Your grab misses the orc.
You squeeze the orc, but do no damage. The orc misses you.
You barely miss the orc wizard.
The orc shouts!
You grab the orc wizard. You squeeze the orc wizard.
The orc wizard is lightly wounded.
You constrict the orc wizard, but do no damage.
The orc misses you. The orc hits you with a +0 morningstar.
You hit the orc wizard.
The orc wizard is lightly wounded.
You constrict the orc wizard. The orc wizard closely misses you.
The orc hits you with a +0 dagger. The orc hits you with a +0 morningstar.
Aiming: Paralyse
Press: ? - help, Shift-Dir - straight line, f - orc wizard
Aim: an orc wizard, wielding a +0 dagger and wearing a +0 robe (moderately wounded, constricted by you, chance to affect: 46%)
The orc wizard resists with some effort.
You constrict the orc wizard. The orc wizard casts a spell at you.
You are confused.
The orc misses you. The orc hits you with a +0 morningstar.
* * * LOW HITPOINT WARNING * * *
You are too confused!
You hit the orc. Your squeeze misses the orc.
The orc is heavily wounded.
You constrict the orc wizard. The orc wizard barely misses you.
The orc hits you with a +0 dagger.
* * * LOW HITPOINT WARNING * * *
The orc misses you.
You are too confused!
It was a potion of haste.
You feel yourself speed up.
You constrict the orc wizard.
The orc wizard hits you with a +0 dagger.
* * * LOW HITPOINT WARNING * * *
The orc hits you with a +0 short sword.
You die...

#. #.# #... ##..###+##
#........# #........#
#..>.oooo#
#.....o@.######
#.....?.......##########
#..........?..'.....#...
#.............#####.#.##
#######+#.....# #.#.#.
#.?...# #.#<.. #.....#
#.#.## ##+#### #.....
###.##


You could see an orc wizard and 4 orcs.

Vanquished Creatures
  A worm (D:2)
  A dart slug (D:1)
  3 ball pythons
  5 endoplasms
  A goblin (D:1)
  5 hobgoblins
  A quokka (D:2)
  5 bats
  A frilled lizard (D:3)
  3 kobolds
  6 rats
32 creatures vanquished.

Vanquished Creatures (others)
  A rat (D:3)
1 creature vanquished.

Grand Total: 33 creatures vanquished

Notes
Turn   | Place    | Note
-------+----------+-------------------------------------------
     0 | D:1      | Delamore the Octopode Brigand began the quest for the Orb.
     0 | D:1      | Reached XP level 1. HP: 14/14 MP: 1/1
   156 | D:1      | Reached XP level 2. HP: 19/19 MP: 2/2
   218 | D:1      | Found Omad's Magic Scroll Emporium.
   225 | D:1      | Found a faded altar of an unknown god.
   549 | D:1      | Reached skill level 6 in Stealth
   679 | D:1      | Reached XP level 3. HP: 24/24 MP: 3/3
  2039 | D:3      | Slain by an orc

Illustrated notes

Levels and vault maps discovered:
D:1:      dpeg_arrival_concentric_ovals, layout_basic, basic_ecumenical_altar,
          serial_shops, nicolae_diamond_shop
D:2:      layout_loops_corners, roderic_serpentine_path, minmay_tromino_v4_c
D:3:      layout_basic, gammafunk_temple_overflow_forgotten,
          mainiacjoe_overflow_24_doors, lemuel_flame_loot_1

Skill      XL: |  1  2  3 |
---------------+----------+-----
Stealth        | 6 |  6.2
Short Blades   | 3 |  3.0
Fighting       | |  2.0
Throwing       | |  2.0
Dodging        | |  1.0

Action                   || total
-------------------------++-------
Melee: Dagger            ||    45
       Constrict         ||     7
       Tentacles         ||     4
Evoke: Wand              ||     1
  Use: Potion            ||     1
 Stab: Sleeping          ||    24
Armor: Skin              ||     3
Dodge: Dodged            ||    14
